 Dungeon Crawl Stone Soup version 0.24-a0-235-g3f03afc (webtiles) character file.

Game seed: 4333807836207113757

153 technobutter the Poker (level 5, -2/43 HPs)
             Began as a Merfolk Fighter on Apr 5, 2019.
             Was an Initiate of the Shining One.
             Slain by an ogre
             ... wielding a +0 giant club
              (8 damage)
             ... on level 4 of the Dungeon.
             The game lasted 00:09:04 (2510 turns).

technobutter the Poker (Merfolk Fighter)            Turns: 2510, Time: 00:09:04

Health: -2/43      AC:  7    Str: 17    XL:     5   Next: 35%
Magic:  5/5        EV:  7    Int:  7    God:    the Shining One [......]
Gold:   123        SH:  0    Dex: 14    Spells: 4/4 levels left

rFire    . . .     SeeInvis .   a - +0 trident
rCold    . . .     Gourm    .   c - +0 shield
rNeg     . . .     Faith    .   b - +0 scale mail
rPois    .         Spirit   .   (no helmet)
rElec    .         Reflect  .   (no cloak)
rCorr    .         Harm     .   s - +0 pair of gloves
MR       .....                  (no boots)
Stlth    ..........             (no amulet)
HPRegen  0.14/turn              (no ring)
MPRegen  0.09/turn              (no ring)

@: confused, glowing
A: change form in water, swift swim, stealthy swim
a: Renounce Religion


You were on level 4 of the Dungeon.
You worshipped the Shining One.
The Shining One was noncommittal.
You were not hungry.

You visited 1 branch of the dungeon, and saw 4 of its levels.

You collected 123 gold pieces.

Inventory:

Hand Weapons
 a - a +0 trident (weapon)
Armour
 b - a +0 scale mail (worn)
 c - a +0 shield (worn)
 s - a +0 pair of gloves (worn)
Wands
 l - a wand of flame (17)
Scrolls
 h - a scroll of remove curse
 m - 4 scrolls of teleportation
 o - a scroll of amnesia
 r - a scroll of identify
Potions
 d - a potion of might
 e - a potion of berserk rage {unknown}
 g - a potion of curing {unknown}
 i - a potion of resistance {unknown}
 j - a potion of degeneration {unknown}
 k - a potion of cancellation {unknown}
 n - a potion of heal wounds {unknown}
 p - a potion of lignification {unknown}
 q - a potion of ambrosia
 t - a potion of haste {unknown}
Comestibles
 f - 4 rations


   Skills:
 + Level 4.3 Fighting
 + Level 5.0 Polearms
 + Level 2.6 Armour
 + Level 0.4 Dodging
 + Level 0.1 Stealth
 + Level 3.8 Shields


You had 4 spell levels left.
You didn't know any spells.
Your spell library was empty.

Dungeon Overview and Level Annotations

Branches:
Dungeon (4/15)
 Temple: D:4-7

Altars:
Dithmenos
The Shining One


Message History

You kill the orc!
Your shield and scale mail prevent you from hitting the ogre.
An ogre comes into view. It is wielding a +0 giant spiked club.
The ogre closely misses you.
The ogre shouts!
You hit the ogre.
The ogre is lightly wounded.
You hear a shout!
The ogre hits you with a +0 giant club!
You hit the ogre.
The ogre is moderately wounded.
The ogre hits you with a +0 giant club!!
Ouch! That really hurt!
* * * LOW HITPOINT WARNING * * *
You are too injured to fight recklessly!
You are too injured to fight recklessly!
You are too injured to fight recklessly!
You are confused.
You feel invigorated. The ogre hits you with a +0 giant club!
You die...

# #.#####
#.#....
.....#
..#.#.#)##
.......@.#
.##.#.#O.# #
#..#
...........#
###.###.O.##
#.#.# .....
##.... .#.##


You could see 2 ogres.

Vanquished Creatures
  Jessica (D:3)
  Terence (D:2)
  4 adders
  A worm (D:2)
  2 dart slugs (D:1)
  A leopard gecko (D:3)
  3 orcs
  3 bats
  4 giant cockroaches
  6 goblins
  11 hobgoblins
  A quokka (D:3)
  A ball python (D:3)
  4 frilled lizards
  6 kobolds
  4 rats
53 creatures vanquished.

Notes
Turn   | Place    | Note
-------+----------+-------------------------------------------
     0 | D:1      | technobutter the Merfolk Fighter began the quest for the
                  | Orb.
     0 | D:1      | Reached XP level 1. HP: 18/18 MP: 1/1
   179 | D:1      | Reached XP level 2. HP: 24/24 MP: 2/2
   788 | D:2      | Noticed Terence
   799 | D:2      | Killed Terence
   799 | D:2      | Reached skill level 4 in Polearms
   799 | D:2      | Reached XP level 3. HP: 28/29 MP: 3/3
   814 | D:2      | Found a glowing golden altar of the Shining One.
  1032 | D:2      | Found a shadowy altar of Dithmenos.
  1255 | D:2      | Reached XP level 4. HP: 34/36 MP: 4/4
  1704 | D:2      | Became a worshipper of the Shining One
  1799 | D:3      | Noticed Jessica
  1804 | D:3      | Killed Jessica
  1915 | D:3      | Reached XP level 5. HP: 42/42 MP: 5/5
  2021 | D:3      | Reached skill level 5 in Polearms
  2504 | D:4      | Noticed an ogre
  2507 | D:4      | Noticed an ogre
  2510 | D:4      | Slain by an ogre

Levels and vault maps discovered:
D:1:      dpeg_arrival_tiny_i, layout_basic
D:2:      layout_loops_corners, grunt_dithmenos_smoke_and_mirrors,
          nicolae_tso_carved_into_rock, uniq_terence
D:3:      layout_loops_ring, first_ration, uniq_jessica
D:4:      layout_loops_cross, marbit_many_paths, portal_sewer_entry_d

Skill      XL: |  1  2  3  4  5 |
---------------+----------------+-----
Polearms       | 4 5 |  5.0
Fighting       | 4 |  4.3
Armour         | |  2.6
Dodging        | |  0.4
Stealth        | |  0.1
Shields        | |  3.8

Action                   |  1- 3 |  4- 6 || total
-------------------------+-------+-------++-------
Melee: Trident           |    69 |   136 ||   205
  Use: Scroll            |       |     6 ||     6
       Potion            |       |     1 ||     1
  Eat: Ration            |     1 |     1 ||     2
Armor: Scale mail        |    15 |    28 ||    43
Dodge: Dodged            |    12 |    32 ||    44
Block: Shield            |    20 |    71 ||    91

Table legend:
 A = Non-vault XP
 B = Vault XP
 C = Vault XP percentage of total XP
 D = Non-vault monster count
 E = Vault monster count
 F = Vault count percentage of total count
                 A         B        C        D         E       F
            +---------+---------+-------+---------+---------+-------
      Total |     146 |      73 |  33.3 |      51 |       2 |   3.8
            +---------+---------+-------+---------+---------+-------
        D:1 |      21 |       0 |   0.0 |       9 |       0 |   0.0
        D:2 |      57 |      36 |  38.7 |      19 |       1 |   5.0
        D:3 |      65 |      37 |  36.3 |      22 |       1 |   4.3
        D:4 |       3 |       0 |   0.0 |       1 |       0 |   0.0
            +---------+---------+-------+---------+---------+-------
